 Dungeon Crawl Stone Soup version bcrawl-1.31.4 (webtiles) character file.

Game seed: 8632340099451997284

749062 Morbidden the Brawler (level 13, -4/119 HPs)
             Began as a Troll Archaeologist on June 7, 2021.
             Was the Champion of Cheibriados.
             Killed from afar by a necromancer (26 damage)
             ... with a bolt of fire
             ... on level 11 of the Dungeon.
             The game lasted 00:14:33 (9736 turns).

Morbidden the Brawler (Troll Archaeologist)         Turns: 9736, Time: 00:14:34

Health: -4/119     AC: 11    Str: 37    XL:     13   Next: 73%
Magic:  0/18       EV: 26    Int: 26    God:    Cheibriados [******]
Gold:   2166       SH: 14    Dex: 27    Spells: 15/20 levels left

rFire    . . .     SeeInvis .     - Claws (44.9)
rCold    . . .     Gourm    +   (no shield)
rNeg     . . .     Faith    .   (armour unavailable)
rPois    .         Spirit   +   c - +1 hat
rElec    .         Reflect  .   C - scarf {Spirit}
rCorr    .         Harm     .   (gloves unavailable)
MR       .....                  (boots unavailable)
Stlth    +++.......             F - amulet of regeneration
HPRegen  1.09/turn              k - +5 ring of evasion
MPRegen  0.16/turn              M - +3 ring of evasion

@: singing (expiring), very slow
A: large, almost no armour, claws 3, fast metabolism 3, gourmand, regeneration
2, AC +10
a: Bend Time, Temporal Distortion, Slouch, Step From Time, Renounce Religion


You were on level 11 of the Dungeon.
You worshipped Cheibriados.
Cheibriados was exalted by your worship.
You were very full.

You visited 2 branches of the dungeon, and saw 12 of its levels.
You also visited: Bailey.

You collected 2166 gold pieces.

Inventory:

Hand Weapons
 b - a +0 blowgun
 N - a +2 arbalest of flaming
Missiles
 d - 6 curare-tipped needles
 t - 147 poisoned needles
 B - 245 poisoned tomahawks (quivered)
 O - 221 bolts
Armour
 c - a +1 hat (worn)
 C - a scarf of spirit shield (worn)
Jewellery
 k - a +5 ring of evasion (left claw)
 n - the ring of Orelili {+Fly SInv}
   (You found it on level 1 of the Dungeon)

   [ring of flight]

   It lets you see invisible.
   It lets you fly.
 p - an uncursed ring of positive energy
 F - an amulet of regeneration (around neck)
 I - an uncursed ring of wizardry
 J - an uncursed ring of magical power
 M - a +3 ring of evasion (right claw)
Wands
 w - a wand of paralysis (33)
 D - a wand of polymorph (8)
 G - a wand of acid (5)
 K - a wand of random effects (13)
Scrolls
 f - 4 scrolls of amnesia {unknown}
 g - 3 scrolls of magic mapping
 h - a scroll of fog {unknown}
 i - a scroll of identify
 j - 4 scrolls of blinking {unknown}
 m - 4 scrolls of fear {unknown}
 q - 3 scrolls of enchant armour {unknown}
 x - 2 scrolls of enchant weapon {unknown}
 y - 5 scrolls of remove curse
 z - 8 scrolls of teleportation {unknown}
Potions
 a - 5 potions of magic {unknown}
 l - 3 potions of brilliance {unknown}
 o - 7 potions of curing
 r - a potion of haste {unknown}
 s - a potion of ambrosia {unknown}
 u - a potion of lignification {unknown}
 v - 4 potions of agility {unknown}
 A - 3 potions of heal wounds
 E - 2 potions of resistance {unknown}
 H - 3 potions of might {unknown}
 L - 2 potions of degeneration {unknown}
Comestibles
 e - 22 rations {!d}


   Skills:
 * Level 5.4 Fighting
   Level 1.0 Maces & Flails
 * Level 2.9 Throwing
 * Level 7.5 Dodging
 + Level 3.0 Stealth
 * Level 15.0 Unarmed Combat
 * Level 4.2 Spellcasting
 * Level 5.2 Charms
 * Level 5.4 Necromancy
 * Level 6.2 Invocations


You had 15 spell levels left.
You knew the following spells:

 Your Spells              Type           Power        Failure   Level  Hunger
a - Regeneration          Chrm/Necr      ####......   2%          3    ###....
b - Song of Slaying       Chrm           ####....     1%          2    None

Your spell library contained the following spells:

 Spells                   Type           Power        Failure   Level  Hunger
 Infusion                 Chrm           ####....     1%          1    None
 Swiftness                Chrm/Air       ###.....     4%          2    None
 Apportation              Tloc           #.....       9%          1    None
 Magic Dart               Conj           #...         9%          1    None
 Sandblast                Erth           #.....       9%          1    None
 Slow                     Hex            #.......     9%          1    None
 Summon Butterflies       Summ           #.......     9%          1    None
 Ozocubu's Armour         Chrm/Ice       ###.....     9%          3    ###....
 Spectral Weapon          Hex/Chrm       ###.....     9%          3    ###....
 Blink                    Tloc           N/A          13%         2    None
 Call Imp                 Summ           #.....       13%         2    None
 Confuse                  Hex            #.......     26%         3    ###....
 Conjure Flame            Conj/Fire      #.......     26%         3    ###....
 Dazzling Orbs            Conj/Hex       #......      26%         3    ###....
 Mephitic Cloud           Conj/Pois/Air  #.......     26%         3    ###....
 Spider Form              Tmut/Pois      #..          26%         3    ###....
 Petrify                  Tmut/Erth      #.........   63%         4    #####..
 Yara's Violent Unravell  Hex/Tmut       #.........   63%         4    #####..
 Metabolic Englaciation   Hex/Ice        #.........   93%         5    ######.
 Mana Rupture             Conj/Hex       #.........   100%        7    #######


Dungeon Overview and Level Annotations

Branches:
Dungeon (11/12)            Temple (1/1) D:4            Lair (0/6) D:8
    Orc (0/1) D:11
 Vaults: D:11-12

Altars:
Ashenzari
Cheibriados
Dithmenos
Elyvilon
Fedhas
Hepliaklqana
Kikubaaqudgha
Lugonu
Makhleb
Nemelex Xobeh
Okawaru
Qazlal
Ru
Sif Muna
Trog
Uskayaw
Vehumet
Wu Jian
Xom
Yredelemnul
The Shining One

Shops:
D:4 [   D:8 =

Annotations:
D:5 1 runed door
D:8 1 runed translucent door, exclusion: 2 doors, Winsalot's ghost, novice OnVM
D:11 3 runed translucent doors, Maksi666's ghost, journeyman DDMo


Innate Abilities, Weirdness & Mutations

You cannot wear most types of armour.
Your thick skin is tough. (AC +10)
You are too large for most types of armour.
You have claws for hands.
Your metabolism is lightning-fast.
You like to eat raw meat.
You heal very quickly.


Message History

Cheibriados thoroughly appreciates the change of pace.
Reactivating autopickup.
You feel a bit more experienced.
Your song is almost over.
You hear some strange, mumbled words.
Deactivating autopickup; reactivate with Ctrl-A.
Your body is wracked with pain!
You block the human's attack.
The human wields a +0 fustibalus.
The human shoots a sling bullet.
You hear some strange, mumbled words.
Things that are here:
a +0 dagger; a +0 robe; a human corpse No path to travel!
The human shoots a sling bullet.
The sling bullet completely misses you.
You hear some strange, mumbled words.
Your body is wracked with pain!
* * * LOW HITPOINT WARNING * * *
You hear some strange, mumbled words.
A bolt of fire appears from out of thin air!
The bolt of fire hits you!!
You die...

##........#**#.##........#
######...# #.....p)).p.# ##..##
*###.pp(pp..#* #...#
##p####p.p#****** #.#.# ##p#
**##...#*,,, #(#.#### #pp#
*,,,,...,,,, * #.#....# #{##
*,**++p#**** #* #.#.>#.###)#
*,*,,,,.*,,, .#** #[.......@.#
*,*,,,,,+,,, ...** #..##+++##.#
*,*,,⌠,,+,,⌠
**.,***####.KKKW###***,*,,,,,+,,,
**,,,,,*#.#KKK#K#,,,,,*,,,,,*,,,
* *****,,#⌠.#K#KK#,,,,,********++
*********#.#..K#.#,,,,,*,,,,,*,,,
,,,,,* **##.....##,,,,,*,,,,,+,,,
****,***,,##)!$##,,,,,,*,,∩,,+,,⌠
*,,**,,********,,**,*,,,,,+,,,


You could see 2 kobold demonologists, 7 humans, 8 big kobolds and Maksi666's
ghost.

Vanquished Creatures
  An orc warlord (Bailey)
  Josephine (D:11)
  2 centaur warriors
  2 two-headed ogres
  An unseen horror (D:11)
  A deep elf archer (D:11)
  A wizard (D:11)
  A wolf spider zombie (D:8)
  3 orc knights (Bailey)
  A deep elf mage (D:8)
  2 ugly things
  A manticore (D:8)
  4 centaur zombies
  Joseph (D:7)
  3 trolls
  Grinder (D:6)
  6 slime creatures (D:10)
  2 dream sheep (D:8)
  2 hippogriffs
  5 wraiths (D:11)
  Eustachio (D:6)
  5 yaks
  2 hungry ghosts
  10 humans (D:11)
  Menkaure (D:5)
  Edmund (D:6)
  2 crocodiles
  Duvessa (D:4)
  3 water moccasins
  6 porcupines (D:8)
  17 orc warriors
  A sky beast (D:4)
  A soldier ant (shapeshifter) (D:10)
  An ice beast (D:6)
  5 black bears
  3 phantoms
  5 ogres
  8 centaurs
  3 big kobolds
  8 bullfrogs
  A wyvern zombie (D:7)
  2 water moccasin zombies
  3 scorpions
  8 killer bees (D:9)
  6 howler monkeys
  A bullfrog zombie (D:6)
  9 crimson imps
  A jelly (D:8)
  9 orc wizards
  5 centaur skeletons
  2 bullfrog skeletons
  5 orc priests
  4 hounds
  2 iguanas
  Ijyb (D:5)
  8 worker ants
  A killer bee zombie (D:5)
  2 hound skeletons
  A worker ant zombie (D:7)
  15 gnolls
  15 adders
  An ooze (D:7)
  An adder zombie (D:4)
  An adder skeleton (D:5)
  3 worms
  2 dart slugs
  8 leopard geckos
  56 orcs
  9 bats
  18 goblins
  26 hobgoblins
  10 jackals
  6 frilled lizards
  17 kobolds
  8 rats
  A fungus (D:8)
  A plant (D:8)
394 creatures vanquished.

Vanquished Creatures (others)
  16 fungi (D:8)
  A plant (D:8)
17 creatures vanquished.

Grand Total: 411 creatures vanquished

Notes
Turn   | Place    | Note
-------+----------+-------------------------------------------
     0 | D:1      | Morbidden the Troll Archaeologist began the quest for the
                  | Orb.
     0 | D:1      | Reached XP level 1. HP: 18/18 MP: 0/0
   186 | D:1      | Reached XP level 2. HP: 21/26 MP: 1/1
   567 | D:1      | Got a shimmering bronze ring
   593 | D:1      | Identified the ring of Orelili {+Fly SInv} (You found it on
                  | level 1 of the Dungeon)
  1002 | D:2      | Reached skill level 1 in Fighting
  1002 | D:2      | Reached skill level 1 in Unarmed Combat
  1002 | D:2      | Reached XP level 3. HP: 16/33 MP: 2/2
  1159 | D:2      | Found a glowing golden altar of the Shining One.
  1299 | D:2      | Gained mutation: Your natural rate of healing is unusually
                  | fast. [Troll growth]
  1299 | D:2      | Reached XP level 4. HP: 41/41 MP: 3/3
  1529 | D:2      | Reached skill level 2 in Unarmed Combat
  2238 | D:3      | Reached XP level 5. HP: 48/48 MP: 4/4
  2238 | D:3      | Identified a scroll of acquirement
  2238 | D:3      | Identified the +3 giant spiked club "Aroffia" {crush, rF+
                  | rC+ Str+3} (You acquired it on level 3 of the Dungeon)
  2238 | D:3      | Identified the ring "Iwotil" {+Fly MR+ AC+1 Slay+3} (You
                  | acquired it on level 3 of the Dungeon)
  2415 | D:3      | Reached skill level 3 in Unarmed Combat
  2753 | D:4      | Found Qeaxzen's Armour Shop.
  2766 | D:4      | Reached skill level 4 in Unarmed Combat
  2766 | D:4      | Reached XP level 6. HP: 46/57 MP: 5/5
  2841 | D:4      | Noticed Duvessa
  2852 | D:4      | Killed Duvessa
  2919 | D:4      | Reached skill level 5 in Unarmed Combat
  3024 | D:4      | Reached XP level 7. HP: 56/65 MP: 6/6
  3127 | D:4      | Found a staircase to the Ecumenical Temple.
  3172 | Temple   | Entered the Ecumenical Temple
  3280 | Temple   | Became a worshipper of Cheibriados the Contemplative
  3714 | D:5      | Entered Level 5 of the Dungeon
  3728 | D:5      | Reached skill level 6 in Unarmed Combat
  3980 | D:5      | Reached skill level 1 in Invocations
  3997 | D:5      | Noticed Menkaure
  4002 | D:5      | Killed Menkaure
  4003 | D:5      | Reached XP level 8. HP: 52/74 MP: 6/8
  4050 | D:5      | Found a runed door.
  4085 | D:5      | Noticed a troll
  4114 | D:5      | Killed a troll
  4115 | D:5      | Reached skill level 7 in Unarmed Combat
  4115 | D:5      | Reached skill level 1 in Spellcasting
  4338 | D:5      | Reached * piety under Cheibriados
  4396 | D:5      | Noticed Ijyb
  4423 | D:5      | Killed Ijyb
  4477 | D:5      | Learned a level 3 spell: Regeneration
  4480 | D:5      | Learned a level 2 spell: Song of Slaying
  4708 | D:6      | Reached skill level 8 in Unarmed Combat
  4715 | D:6      | Noticed Edmund
  4717 | D:6      | Noticed Eustachio
  4725 | D:6      | Killed Edmund
  4784 | D:6      | Killed Eustachio
  4785 | D:6      | Reached XP level 9. HP: 79/80 MP: 10/10
  4838 | D:6      | Reached skill level 1 in Necromancy
  4873 | D:6      | Noticed Grinder
  4876 | D:6      | Paralysed by Grinder for 3 turns
  4885 | D:6      | Killed Grinder
  4886 | D:6      | Reached skill level 1 in Charms
  5237 | D:7      | Found a bloodstained altar of Trog.
  5243 | D:7      | Reached skill level 5 in Dodging
  5248 | D:7      | Reached ** piety under Cheibriados
  5255 | D:7      | Reached skill level 9 in Unarmed Combat
  5645 | D:7      | Noticed Joseph
  5658 | D:7      | Killed Joseph
  5659 | D:7      | Reached XP level 10. HP: 78/91 MP: 9/12
  5691 | D:7      | Reached skill level 10 in Unarmed Combat
  5945 | D:7      | Reached *** piety under Cheibriados
  5998 | D:7      | Found a stormy altar of Qazlal.
  6110 | D:8      | Noticed a deep elf mage
  6129 | D:8      | Killed a deep elf mage
  6204 | D:8      | Reached skill level 11 in Unarmed Combat
  6230 | D:8      | Reached **** piety under Cheibriados
  6238 | D:8      | Noticed a manticore
  6240 | D:8      | Found a staircase to the Lair.
  6245 | D:8      | Killed a manticore
  6259 | D:8      | Reached XP level 11. HP: 55/100 MP: 9/14
  6399 | D:8      | Found a blossoming altar of Fedhas.
  6505 | D:8      | Reached skill level 5 in Invocations
  6731 | D:8      | Found a runed translucent door.
  6731 | D:8      | Found a shimmering altar of Xom.
  6731 | D:8      | Noticed Winsalot's ghost (novice OnVM)
  6735 | D:8      | Noticed a +0 trident of chaos
  6936 | D:8      | Found Plog's Jewellery Boutique.
  7230 | D:9      | Found an iron altar of Okawaru.
  7266 | D:9      | Reached ***** piety under Cheibriados
  7722 | D:9      | Noticed a centaur warrior
  7729 | D:9      | Killed a centaur warrior
  7730 | D:9      | Reached skill level 12 in Unarmed Combat
  8031 | D:10     | Entered Level 10 of the Dungeon
  8071 | D:10     | Noticed a white ugly thing
  8078 | D:10     | Killed a white ugly thing
  8111 | D:10     | Reached ****** piety under Cheibriados
  8112 | D:10     | Reached skill level 1 in Throwing
  8340 | D:10     | Noticed a two-headed ogre
  8346 | D:10     | Killed a two-headed ogre
  9061 | D:11     | Noticed Josephine
  9068 | D:11     | Gained mutation: You heal very quickly. [Troll growth]
  9068 | D:11     | Reached XP level 12. HP: 82/110 MP: 5/16
  9072 | D:11     | Killed Josephine
  9076 | D:11     | Noticed a two-headed ogre
  9083 | D:11     | Killed a two-headed ogre
  9093 | D:11     | Reached skill level 5 in Fighting
  9101 | D:11     | Found a flagged portal.
  9143 | Bailey   | Entered a bailey
  9286 | Bailey   | Reached skill level 5 in Necromancy
  9376 | Bailey   | Noticed an orc warlord
  9388 | Bailey   | Killed an orc warlord
  9389 | Bailey   | Reached skill level 13 in Unarmed Combat
  9432 | Bailey   | Reached skill level 14 in Unarmed Combat
  9432 | Bailey   | Reached XP level 13. HP: 118/118 MP: 18/18
  9446 | Bailey   | Identified the ring of Poggiuto {+Fly MR+} (You acquired it
                  | in a bailey)
  9446 | Bailey   | Identified Fuytoa's Almanac of Assistive Poison (You
                  | acquired it in a bailey)
  9626 | D:11     | Found a runed translucent gate.
  9626 | D:11     | Found a runed translucent gate.
  9630 | D:11     | Noticed Maksi666's ghost (journeyman DDMo)
  9631 | D:11     | Found a runed translucent gate.
  9692 | D:11     | Reached skill level 5 in Charms
  9732 | D:11     | Reached skill level 15 in Unarmed Combat
  9736 | D:11     | Killed from afar by a necromancer

Skill      XL: |  1  2  3  4  5  6  7  8  9 10 11 12 13 |
---------------+----------------------------------------+-----
Stealth        | 2 3 |  3.0
Fighting       | 1 2 3 4 5 |  5.4
Dodging        | 3 4 5 6 7 |  7.5
Unarmed Combat | 1 2 4 5 6 8 9 11 12 14 15 | 15.0
Invocations    | 1 2 3 4 5 6 |  6.2
Spellcasting   | 1 2 3 4 |  4.2
Necromancy     | 2 4 5 |  5.4
Charms         | 2 3 4 5 |  5.2
Throwing       | 1 2 |  2.9
Maces & Flails | |  1.0

Action                   |  1- 3 |  4- 6 |  7- 9 | 10-12 | 13-15 || total
-------------------------+-------+-------+-------+-------+-------++-------
Melee: Unarmed           |    91 |   199 |   328 |   443 |    62 ||  1123
       Punch             |       |     4 |    14 |    40 |     7 ||    65
Throw: Tomahawk          |       |       |     5 |    11 |     2 ||    18
 Cast: Song of Slaying   |       |       |     5 |    27 |     2 ||    34
       Regeneration      |       |       |     1 |    21 |     3 ||    25
Invok: Slouch            |       |       |       |     3 |       ||     3
 Abil: Evoke Flight      |       |       |     1 |     1 |       ||     2
  Use: Scroll            |       |     4 |       |     7 |     1 ||    12
       Potion            |       |       |       |     1 |       ||     1
 Stab: Sleeping          |     1 |     5 |     3 |     3 |       ||    12
  Eat: Chunk             |    15 |    15 |    22 |    31 |     2 ||    85
Armor: Skin              |    23 |    55 |    71 |    67 |    11 ||   227
Dodge: Dodged            |    50 |   165 |   227 |   454 |   129 ||  1025
Block: Other             |       |       |    12 |    97 |    50 ||   159
